 Dungeon Crawl Stone Soup version 0.30-a0-365-ge7f957f1db (webtiles) character file.

Game seed: 13503490972123978400

105 oldriver the Grave Robber (level 4, 0/33 HPs)
             Began as a Mummy Necromancer on Nov 16, 2022.
             Slain by a gnoll
             ... wielding a +0 whip
              (8 damage)
             ... on level 2 of the Dungeon.
             The game lasted 00:02:36 (2005 turns).

oldriver the Grave Robber (Mummy Necromancer)       Turns: 2005, Time: 00:02:36

Health: 0/33       AC:  2    Str: 11    XL:     4   Next: 53%
Magic:  0/10       EV: 12    Int: 16    God:
Gold:   96         SH:  0    Dex: 12    Spells: 5/11 levels left

rFire   x . .      SeeInvis .    c - +0 spear
rCold   + . .      Faith    +    (no shield)
rNeg    + + +      Spirit   .    a - +0 robe
rPois   ∞          Reflect  .    (no helmet)
rElec   .          Harm     .    (no cloak)
rCorr   .          Rampage  .    (no gloves)
Will    .....                    (no boots)
Stlth   ++........               (no amulet)
HPRegen 0.25/turn                (no ring)
MPRegen 0.12/turn                (no ring)

@: no status effects
A: cold resistance 1, negative energy resistance 3, torment resistance 2, heat
vulnerability 1, in touch with death 1, no potions, faith
a: no special abilities


You were on level 2 of the Dungeon.
You visited 1 branch of the dungeon, and saw 3 of its levels.

You collected 96 gold pieces.

Inventory:

Hand Weapons
 c - a +0 spear (weapon)
Armour
 a - a +0 robe (worn)
 j - a +0 helmet
Scrolls
 b - 2 scrolls of fear {unknown}
 d - 3 scrolls of identify {unknown}
 e - 2 scrolls of noise {unknown}
 f - a scroll of enchant armour {unknown}
 g - a scroll of immolation {unknown}
 h - a scroll of torment {unknown}
 i - a scroll of butterflies {unknown}


   Skills:
 + Level 2.2 Fighting
 - Level 1.5 Dodging
 - Level 1.5 Stealth
 + Level 4.0 Spellcasting
 + Level 4.6 Necromancy
 + Level 0.4 Fire Magic


You had 5 spell levels left.
You knew the following spells:

 Your Spells              Type           Power      Damage    Failure   Level
a - Necrotise             Necr           100%       1d9       2%          1
b - Vampiric Draining     Necr           27%        2d7       8%          3
p - Scorch                Fire           8%         2d5       22%         2

Your spell library contained the following spells:

 Spells                   Type           Power      Damage    Failure   Level
 Call Imp                 Summ           3%         N/A       26%         2
 Animate Dead             Necr           27%        N/A       26%         4
 Agony                    Necr           27%        N/A       56%         5
 Sticky Flame             Conj/Fire      3%         2d3       83%         4
 Animate Armour           Summ/Erth      6%         N/A       86%         4
 Spellforged Servitor     Conj/Summ      1%         N/A       100%        7


Dungeon Overview and Level Annotations

Branches:
Dungeon (3/15)

Altars:


Innate Abilities, Weirdness & Mutations

You are immune to poison.
Your flesh is cold resistant. (rC+)
You are immune to negative energy. (rN+++)
You are immune to unholy pain and torment.
You are vulnerable to heat. (rF-)
You are in touch with the powers of death.
You do not drink.
You have a special connection with the divine. (Faith)


Message History

Casting: Necrotise (safe; 2% risk of failure)
Confirm with . or Enter, or press ? or * to list all spells.
Aiming: Necrotise (safe; 2% risk of failure)
Press: ? - help, Shift-Dir - straight line, f/p - gnoll
Aim: a gnoll, wielding a +0 spear (almost dead, chance to affect: 88%)
Okay, then.
Casting: Necrotise (safe; 2% risk of failure)
Confirm with . or Enter, or press ? or * to list all spells.
You don't have enough magic to cast this spell.
Unknown command.
You hear an angry hiss.
There is a stone staircase leading up here.
The gnoll barely misses you.
You climb upwards.
There is a stone staircase leading down here.
Casting: Necrotise (safe; 2% risk of failure)
Confirm with . or Enter, or press ? or * to list all spells.
The spell is quite dangerous to miscast (8% risk of failure)!
Continue anyway?
Okay, then.
Okay, then.
Casting: Vampiric Draining (quite dangerous; 8% risk of failure)
Confirm with . or Enter, or press ? or * to list all spells.
The spell is quite dangerous to miscast (8% risk of failure)!
Continue anyway?
Aiming: Vampiric Draining (quite dangerous; 8% risk of failure)
Press: ? - help, Shift-Dir - straight line, f - gnoll
Aim: a gnoll, wielding a +0 whip You feel a surge of power!
You draw life force from the gnoll!
You feel life coursing into your body. The gnoll hits you with a +0 whip!
* * * LOW HITPOINT WARNING * * *
Unknown command.
You closely miss the gnoll.
The gnoll is severely wounded.
The gnoll completely misses you.
You hit the gnoll.
The gnoll is almost dead.
The gnoll closely misses you.
You hit the gnoll.
The gnoll is almost dead.
The gnoll hits you with a +0 whip!
You die...

#..####...########## ### ##.#
###......#...# ###### #.# #.##
###.#...>... #....# #.#
#..#######.#.......
#....###.######.#.........##....
#.................#####.#######.
#....####..####.### #.# #. #..).#
##...##.## #.# #. #....#
###.##@g######.# #.
##....#######.###......#.# #.
.#..........#..##......#.# #.
.#..........##.###.....#.# #.
..##.#......##.###.....#.## ####.
...#.#....................###....
............##.###........#...#..
...#........##.#######..#...#...#
......#...####..## #[........##


You could see a gnoll.

Vanquished Creatures
  2 gnolls (D:3)
  3 adders (D:2)
  A worm (D:2)
  2 endoplasms (D:2)
  6 giant cockroaches
  2 goblins
  6 hobgoblins
  7 jackals
  A kobold (D:1)
  3 quokkas
  4 ball pythons
  4 bats
  2 frilled lizards
  7 rats
50 creatures vanquished.

Vanquished Creatures (collateral kills)
  2 jackals (D:2)
2 creatures vanquished.

Grand Total: 52 creatures vanquished

Notes
Turn   | Place    | Note
-------+----------+-------------------------------------------
     0 | D:1      | oldriver the Mummy Necromancer began the quest for the Orb.
     0 | D:1      | Reached XP level 1. HP: 13/13 MP: 4/4
   288 | D:1      | Reached skill level 1 in Fighting
   288 | D:1      | Reached XP level 2. HP: 21/21 MP: 4/6
  1081 | D:2      | Gained mutation: You are in touch with the powers of death.
                  | [Mummy growth]
  1081 | D:2      | Reached XP level 3. HP: 24/26 MP: 1/7
  1415 | D:2      | Found a faded altar of an unknown god.
  1439 | D:2      | Got the Parchment of Sweltering Allies
  1504 | D:2      | Learned a level 3 spell: Vampiric Draining
  1507 | D:2      | Learned a level 2 spell: Scorch
  1570 | D:2      | Reached XP level 4. HP: 31/33 MP: 5/9
  2005 | D:2      | Slain by a gnoll

Illustrated notes

Levels and vault maps discovered:
D:1:      wheals_arrival_shading, layout_loops_ring, kennysheep_nondescript,
          corexii_leaking_fountain
D:2:      layout_rooms, hellmonk_ecumenical_altar_lost_god
D:3:      layout_loops_cross, mainiacjoe_overflow_catwalk,
          mainiacjoe_overflow_alcove_2, serial_shops, nicolae_diamond_shop,
          serial_co_window_serial, co_window_corner_a, co_window_corner_a,
          co_window_of_opportunity_a, co_window_corner_a, co_window_corner_a,
          co_window_unsneaky_path_b, co_window_paths_c,
          co_window_of_opportunity_c, co_window_corner_b, co_window_broadway_a,
          co_window_unsneaky_path_e, co_window_paths_c, glass_columns_a,
          corexii_shack

Skill      XL: |  1  2  3  4 |
---------------+-------------+-----
Spellcasting   | 3 4 |  4.0
Fighting       | 1 2 |  2.2
Dodging        | |  1.5
Stealth        | |  1.5
Necromancy     | |  4.6
Fire Magic     | |  0.4

Action                   |  1- 3 |  4- 6 || total
-------------------------+-------+-------++-------
Melee: Spear             |    26 |     3 ||    29
       Unarmed           |     2 |       ||     2
 Cast: Necrotise         |    78 |    24 ||   102
       Vampiric Draining |       |     1 ||     1
Armor: Robe              |    16 |       ||    16
Dodge: Dodged            |    28 |     7 ||    35

Table legend: (Time is in decaauts)
 A = Elapsed time spent in this place.
 B = Non-inter-level travel time spent in this place.
 C = Inter-level travel time spent in this place.
 D = Time resting spent in this place.
 E = Time spent auto-exploring this place.
 F = Levels seen in this place.
 G = Mean time per level.
                   A        B        C        D        E       F      G
               +--------+--------+--------+--------+--------+-----+--------+
         Total |   2007 |   1939 |     68 |      0 |   1644 |   3 |  669.0 |
       Dungeon |   2007 |   1939 |     68 |      0 |   1644 |   3 |  669.0 |
               +--------+--------+--------+--------+--------+-----+--------+

Top non-repeatable levels by time:
     D:1: 1074 daAuts
     D:2: 915 daAuts
     D:3: 17 daAuts
